 Dungeon Crawl Stone Soup version 0.29-a0-493-g10c3c7b (webtiles) character file.

Game seed: 5065977038583331829

16 Toastz the Grasshopper (level 2, 0/22 HPs)
             Began as a Demonspawn Warper on May 27, 2022.
             Slain by a gnoll
             ... wielding a +0 club
              (7 damage)
             ... on level 1 of the Dungeon.
             The game lasted 00:01:32 (723 turns).

Toastz the Grasshopper (Demonspawn Warper)           Turns: 723, Time: 00:01:33

Health: 0/22       AC:  9    Str: 11    XL:     2   Next: 37%
Magic:  5/5        EV:  9    Int: 14    God:
Gold:   12         SH:  0    Dex: 12    Spells: 5/5 levels left

rFire   . . .      SeeInvis .   a - +0 spear
rCold   . . .      Faith    .   (no shield)
rNeg    . . .      Spirit   .   e - +0 scale mail
rPois   .          Reflect  .   j - +0 helmet
rElec   .          Harm     .   (no cloak)
rCorr   .          Rampage  .   (no gloves)
Will    .....                   (no boots)
Stlth   ..........              (no amulet)
HPRegen 0.07/turn               (no ring)
MPRegen 0.09/turn               (no ring)

@: no status effects
A: molten scales 1
a: no special abilities


You were on level 1 of the Dungeon.
You visited 1 branch of the dungeon, and saw 2 of its levels.

You collected 12 gold pieces.

Inventory:

Hand Weapons
 a - a +0 spear (weapon)
Missiles
 d - 7 boomerangs of dispersal (quivered)
Armour
 b - a +0 leather armour
 e - a +0 scale mail (worn)
 j - a +0 helmet (worn)
Jewellery
 m - a ring of protection from cold
Scrolls
 c - 2 scrolls of blinking
 g - a scroll of identify {unknown}
 h - a scroll of teleportation {unknown}
 k - a scroll of immolation {unknown}
 l - a scroll of enchant weapon {unknown}
Potions
 f - a potion of curing {unknown}
 i - a potion of degeneration {unknown}


   Skills:
 + Level 2.2 Fighting
 * Level 2.3 Polearms
 - Level 0.8 Throwing
 + Level 1.2 Armour
 - Level 1.7 Dodging
 - Level 2.0 Spellcasting
 - Level 2.6 Translocations


You had 5 spell levels left.
You didn't know any spells.
Your spell library contained the following spells:

 Spells                   Type           Power      Damage    Failure   Level
 Blink                    Tloc           16%        N/A       56%         2
 Gell's Gravitas          Tloc           8%         N/A       80%         3
 Lesser Beckoning         Tloc           8%         N/A       80%         3
 Teleport Other           Tloc           8%         N/A       80%         3
 Poisonous Vapours        Pois/Air       2%         N/A       91%         2
 Corpse Rot               Necr/Pois/Air  1%         N/A       100%        4
 Manifold Assault         Tloc           8%         N/A       100%        5


Dungeon Overview and Level Annotations

Branches:
Dungeon (2/15)

Altars:


Innate Abilities, Weirdness & Mutations

You are partially covered in molten scales. (AC +2)


Message History

There is a stone staircase leading up here.
A gnoll comes into view. It is wielding a +0 flail.
The gnoll shouts!
You hear a shout!
A gnoll is nearby!
A gnoll comes into view. It is wielding a +0 club.
Found a fuming coppery potion.
The gnoll shouts!
A gnoll comes into view. It is wielding a +0 flail.
You reach to attack!
You hit the gnoll but do no damage.
There is a stone staircase leading up here.
You reach to attack!
You hit the gnoll but do no damage.
You reach to attack!
You hit the gnoll.
The gnoll is lightly wounded.
You reach to attack!
You hit the gnoll but do no damage.
The gnoll is lightly wounded.
You hit the gnoll.
The gnoll is heavily wounded.
The gnoll hits you with a +0 club. The gnoll hits you with a +0 club!
You climb upwards.
There is a stone staircase leading down here.
You completely miss the gnoll.
The gnoll is heavily wounded.
The gnoll hits you with a +0 club.
You closely miss the gnoll.
The gnoll is heavily wounded.
The gnoll hits you but does no damage.
You closely miss the gnoll.
The gnoll is heavily wounded.
The gnoll completely misses you.
You barely miss the gnoll.
The gnoll is heavily wounded.
The gnoll hits you with a +0 club.
You barely miss the gnoll.
The gnoll is heavily wounded.
The gnoll closely misses you.
You completely miss the gnoll.
The gnoll is heavily wounded.
The gnoll hits you with a +0 club!
You die...

.#..#...# #..#..###
#≈≈≈≈..≈.^ .###....#
##.#....# ##.≈≈.....
#...#..## #.#.##'## #.≈≈.....
.....#.# #...#...# #≈≈≈.....
.......# ##..#.<.# ##≈≈#....
)....#.## #..#...# #≈##....
#...#...# #..##+#### #≈##....
.###....# #..##....######....
.#..#...# #.@g..........#####
##...#..# ##############.#
..#.....######...#......# #.#
...#.............#.##...# #.#
#......##.##.....+..).### #.#
.#......#.##.#...####.#####.#
.......##.#♣≈♣#)............#
.###.####.#.P≈..#####.#######
.# #......#≈..#.###.#...#


You could see a gnoll.

Vanquished Creatures
  A ball python (D:1)
  A bat (D:1)
  4 goblins (D:1)
  3 hobgoblins (D:1)
  2 quokkas (D:1)
  A kobold (D:1)
12 creatures vanquished.

Notes
Turn   | Place    | Note
-------+----------+-------------------------------------------
     0 | D:1      | Toastz the Demonspawn Warper began the quest for the Orb.
     0 | D:1      | Reached XP level 1. HP: 16/16 MP: 3/3
   187 | D:1      | Reached skill level 1 in Armour
   319 | D:1      | Gained mutation: You are partially covered in molten
                  | scales. (AC +2) [demonic ancestry]
   319 | D:1      | Reached XP level 2. HP: 22/22 MP: 5/5
   723 | D:1      | Slain by a gnoll

Illustrated notes

Levels and vault maps discovered:
D:1:      dpeg_arrival_tiny_h, layout_basic, serial_bayou_pond_e,
          minmay_splitting_lines, chequers_serial_rivers_small_3,
          nicolae_concentric_dashed_squares_wild
D:2:      minmay_kobold_bridge, layout_basic, basic_altar

Skill      XL: |  1 |
---------------+----+-----
Polearms       | 2 |  2.3
Armour         | 1 |  1.2
Fighting       | |  2.2
Throwing       | |  0.8
Dodging        | |  1.7
Spellcasting   | |  2.0
Translocations | |  2.6

Action                   || total
-------------------------++-------
Melee: Spear             ||    48
Armor: Scale mail        ||     9
Dodge: Dodged            ||    11

Table legend: (Time is in decaauts)
 A = Elapsed time spent in this place.
 B = Non-inter-level travel time spent in this place.
 C = Inter-level travel time spent in this place.
 D = Time resting spent in this place.
 E = Time spent auto-exploring this place.
 F = Levels seen in this place.
 G = Mean time per level.
                   A        B        C        D        E       F      G
               +--------+--------+--------+--------+--------+-----+--------+
         Total |    724 |    703 |     21 |      0 |    575 |   2 |  362.0 |
       Dungeon |    724 |    703 |     21 |      0 |    575 |   2 |  362.0 |
               +--------+--------+--------+--------+--------+-----+--------+

Top non-repeatable levels by time:
     D:1: 687 daAuts
     D:2: 37 daAuts
